 Dungeon Crawl Stone Soup version 0.28-a0-172-g787e458d71 (webtiles) character file.

Game seed: 17765674624920597133

357 Rennog the Shield-Bearer (level 6, -1/53 HPs)
             Began as a Gnoll Fighter on Aug 17, 2021.
             Slain by Edmund (2 damage)
             ... on level 4 of the Dungeon.
             The game lasted 00:05:05 (4504 turns).

Rennog the Shield-Bearer (Gnoll Fighter)            Turns: 4504, Time: 00:05:06

Health: -1/53      AC:  9    Str: 16    XL:     6   Next: 64%
Magic:  9/9        EV:  8    Int:  8    God:
Gold:   167        SH: 10    Dex: 12    Spells: 9/9 levels left

rFire   . . .      SeeInvis .   a - +0 flail
rCold   . . .      Faith    .   c - +0 kite shield
rNeg    . . .      Spirit   .   b - +0 scale mail
rPois   .          Reflect  .   (no helmet)
rElec   .          Harm     .   (no cloak)
rCorr   .          Rampage  .   o - +0 pair of gloves
Will    .....                   (no boots)
Stlth   +.........              (no amulet)
HPRegen 0.17/turn               (no ring)
MPRegen 0.11/turn               (no ring)

@: mighty
A: fangs 1, strong nose, distributed training
a: no special abilities


You were on level 4 of the Dungeon.
You visited 1 branch of the dungeon, and saw 4 of its levels.

You collected 167 gold pieces.

Inventory:

Hand Weapons
 a - a +0 flail (weapon)
 i - a +2 short sword of holy wrath
Armour
 b - a +0 scale mail (worn)
 c - a +0 kite shield (worn)
 o - a +0 pair of gloves (worn)
Wands
 j - a wand of flame (14)
Scrolls
 e - a scroll of amnesia {unknown}
 f - 2 scrolls of magic mapping {unknown}
 g - a scroll of teleportation {unknown}
 h - 4 scrolls of identify {unknown}
 k - a scroll of immolation {unknown}
 m - a scroll of acquirement {unknown}
 n - a scroll of vulnerability {unknown}
Potions
 l - a potion of haste {unknown}


   Skills:
 + Level 6.8 Fighting
 + Level 2.0 Short Blades
 + Level 2.0 Long Blades
 + Level 2.0 Axes
 + Level 5.0 Maces & Flails
 + Level 2.0 Polearms
 + Level 2.0 Staves
 + Level 2.0 Slings
 + Level 2.0 Bows
 + Level 2.0 Crossbows
 + Level 2.0 Throwing
 + Level 6.8 Armour
 + Level 2.0 Dodging
 + Level 2.0 Stealth
 + Level 6.8 Shields
 + Level 2.0 Unarmed Combat
 + Level 2.0 Spellcasting
 + Level 1.6 Conjurations
 + Level 1.6 Hexes
 + Level 1.6 Summonings
 + Level 1.6 Necromancy
 + Level 1.6 Translocations
 + Level 1.6 Transmutations
 + Level 1.6 Fire Magic
 + Level 1.6 Ice Magic
 + Level 1.6 Air Magic
 + Level 1.6 Earth Magic
 + Level 1.6 Poison Magic
 + Level 2.2 Invocations
 + Level 2.0 Evocations


You had 9 spell levels left.
You didn't know any spells.
Your spell library contained the following spells:

 Spells                   Type           Power      Damage    Failure   Level
 Ignite Poison            Fire/Tmut/Pois 3%         N/A       99%         3
 Fireball                 Conj/Fire      1%         3d3       100%        5
 Yara's Violent Unravell  Hex/Tmut       1%         3d3       100%        5
 Eringya's Noxious Bog    Tmut/Pois      1%         N/A       100%        6


Dungeon Overview and Level Annotations

Branches:
Dungeon (4/15)
 Temple: D:4-7

Altars:

Annotations:
D:4 Edmund


Innate Abilities, Weirdness & Mutations

You have very sharp teeth.
Your uncanny sense of smell can sniff out nearby items.
Your experience applies equally to all skills.


Message History

No target in view!
A hobgoblin comes into view.
The hobgoblin shouts!
You hear a shout!
You see here 8 boomerangs.
A hobgoblin is nearby!
A hobgoblin is nearby!
A hobgoblin is nearby!
Edmund the Younger comes into view.
He is wielding a +4 vorpal dire flail.
You block the hobgoblin's attack.
You hit the hobgoblin.
The hobgoblin is almost dead.
The hobgoblin hits you but does no damage.
You hit the hobgoblin.
You kill the hobgoblin!
Edmund hits you with a +4 vorpal dire flail.
You completely miss Edmund. You block Edmund's attack.
You closely miss Edmund. Edmund hits you but does no damage.
You closely miss Edmund.
Edmund hits you with a +4 vorpal dire flail!
Edmund hits you with a +4 vorpal dire flail.
You hit Edmund but do no damage.
Edmund hits you with a +4 vorpal dire flail!
You are too injured to fight recklessly!
You are too injured to fight recklessly!
You see here 8 boomerangs.
Edmund says, "Everyone always remembers my brother. 'Who's Edmund?' they ask!"
There is an open door here.
You see here a ball python skeleton.
You feel very mighty all of a sudden. You block Edmund's attack.
You barely miss Edmund.
Edmund gestures with his flail.
You block Edmund's attack.
You hit Edmund but do no damage. You bite Edmund, but do no damage.
Edmund hits you with a +4 vorpal dire flail! x2
You sock Edmund! You bite Edmund!
Edmund is heavily wounded.
Edmund hits you with a +4 vorpal dire flail!
* * * LOW HITPOINT WARNING * * *
You die...

#....#....# #....#....#
.# ∆ #....#....# .#
#....#....#######.####.
##....#.................∆
......'........(........
##....#....###..#.#.####
######....# ##@#.# #
#######÷..## #..@.#
......'...# #....#
#######...# #.#..# ####
#...# #.#<.# #..# #...#
#.#..# #..# ##### #.#..#
#..# ########.#..) #..#
#........#.... #..##
#........#.....


You could see Edmund.

Vanquished Creatures
  A scorpion (D:2)
  A howler monkey (D:2)
  An orc priest (D:3)
  A hound (D:2)
  A centaur skeleton (D:4)
  An iguana (D:4)
  Jessica (D:2)
  Terence (D:2)
  A gnoll (D:1)
  An adder (D:2)
  2 worms
  A dart slug (D:2)
  3 orcs
  3 endoplasms
  4 giant cockroaches
  6 goblins
  5 hobgoblins
  7 kobolds
  6 quokkas
  4 ball pythons
  8 bats
  3 frilled lizards
  8 rats
70 creatures vanquished.

Notes
Turn   | Place    | Note
-------+----------+-------------------------------------------
     0 | D:1      | Rennog the Gnoll Fighter began the quest for the Orb.
     0 | D:1      | Reached XP level 1. HP: 23/23 MP: 1/1
    22 | D:1      | Got the Tome of the Final Artisans
   108 | D:1      | Reached XP level 2. HP: 21/29 MP: 2/2
   523 | D:1      | Reached XP level 3. HP: 30/35 MP: 3/3
  1229 | D:2      | Reached skill level 1 in Invocations
  1449 | D:2      | Reached skill level 1 in Short Blades
  1449 | D:2      | Reached skill level 1 in Long Blades
  1449 | D:2      | Reached skill level 1 in Axes
  1449 | D:2      | Reached skill level 1 in Polearms
  1449 | D:2      | Reached skill level 1 in Staves
  1449 | D:2      | Reached skill level 1 in Slings
  1449 | D:2      | Reached skill level 1 in Bows
  1449 | D:2      | Reached skill level 1 in Crossbows
  1449 | D:2      | Reached skill level 1 in Throwing
  1449 | D:2      | Reached skill level 1 in Dodging
  1449 | D:2      | Reached skill level 1 in Stealth
  1449 | D:2      | Reached skill level 1 in Unarmed Combat
  1449 | D:2      | Reached skill level 1 in Spellcasting
  1449 | D:2      | Reached skill level 1 in Evocations
  1449 | D:2      | Reached XP level 4. HP: 26/41 MP: 5/5
  2074 | D:2      | Reached skill level 1 in Conjurations
  2074 | D:2      | Reached skill level 1 in Hexes
  2074 | D:2      | Reached skill level 1 in Summonings
  2074 | D:2      | Reached skill level 1 in Necromancy
  2074 | D:2      | Reached skill level 1 in Translocations
  2074 | D:2      | Reached skill level 1 in Transmutations
  2074 | D:2      | Reached skill level 1 in Fire Magic
  2074 | D:2      | Reached skill level 1 in Ice Magic
  2074 | D:2      | Reached skill level 1 in Air Magic
  2074 | D:2      | Reached skill level 1 in Earth Magic
  2074 | D:2      | Reached skill level 1 in Poison Magic
  2269 | D:3      | Noticed Jessica
  2273 | D:3      | Noticed a scorpion
  2290 | D:2      | Reached XP level 5. HP: 10/47 MP: 5/7
  2571 | D:3      | Noticed Terence
  2589 | D:2      | Killed Terence
  2657 | D:2      | HP: 2/47 [scorpion (5)]
  2851 | D:2      | Reached XP level 6. HP: 50/53 MP: 8/8
  2906 | D:2      | Killed Jessica
  3459 | D:3      | Reached skill level 5 in Maces & Flails
  3866 | D:4      | Noticed a sky beast
  4420 | D:4      | Noticed Edmund
  4504 | D:4      | HP: 1/53 [Edmund (15)]
  4504 | D:4      | Slain by Edmund

Illustrated notes

Levels and vault maps discovered:
D:1:      psy_arrival_radial02, layout_basic, minmay_split_cup_small
D:2:      layout_basic
D:3:      layout_loops_ring, serial_rivers, chequers_serial_rivers_micro_e,
          chequers_serial_rivers_micro_a, chequers_serial_rivers_large_b,
          chequers_serial_rivers_micro_e, chequers_serial_rivers_micro_e,
          uniq_jessica, uniq_terence
D:4:      layout_basic, jmf_multi_god_temple2, uniq_edmund

Skill      XL: |  1  2  3  4  5  6 |
---------------+-------------------+-----
Invocations    | 1 2 |  2.2
Short Blades   | 1 2 |  2.0
Long Blades    | 1 2 |  2.0
Axes           | 1 2 |  2.0
Polearms       | 1 2 |  2.0
Staves         | 1 2 |  2.0
Slings         | 1 2 |  2.0
Bows           | 1 2 |  2.0
Crossbows      | 1 2 |  2.0
Throwing       | 1 2 |  2.0
Dodging        | 1 2 |  2.0
Stealth        | 1 2 |  2.0
Unarmed Combat | 1 2 |  2.0
Spellcasting   | 1 2 |  2.0
Evocations     | 1 2 |  2.0
Conjurations   | 1 |  1.6
Hexes          | 1 |  1.6
Summonings     | 1 |  1.6
Necromancy     | 1 |  1.6
Translocations | 1 |  1.6
Transmutations | 1 |  1.6
Fire Magic     | 1 |  1.6
Ice Magic      | 1 |  1.6
Air Magic      | 1 |  1.6
Earth Magic    | 1 |  1.6
Poison Magic   | 1 |  1.6
Maces & Flails | 5 |  5.0
Fighting       | |  6.8
Armour         | |  6.8
Shields        | |  6.8

Action                   |  1- 3 |  4- 6 || total
-------------------------+-------+-------++-------
Melee: Flail             |    92 |   154 ||   246
       Bite              |     6 |    20 ||    26
       Short sword       |       |    17 ||    17
  Use: Potion            |       |     3 ||     3
Armor: Scale mail        |    51 |    88 ||   139
Dodge: Dodged            |    35 |    63 ||    98
Block: Kite shield       |    55 |   108 ||   163

Table legend: (Time is in decaauts)
 A = Elapsed time spent in this place.
 B = Non-inter-level travel time spent in this place.
 C = Inter-level travel time spent in this place.
 D = Time resting spent in this place.
 E = Time spent auto-exploring this place.
 F = Levels seen in this place.
 G = Mean time per level.
                   A        B        C        D        E       F      G
               +--------+--------+--------+--------+--------+-----+--------+
         Total |   4658 |   4297 |    361 |    594 |   2993 |   4 | 1164.5 |
       Dungeon |   4658 |   4297 |    361 |    594 |   2993 |   4 | 1164.5 |
               +--------+--------+--------+--------+--------+-----+--------+

Top non-repeatable levels by time:
     D:2: 1795 daAuts
     D:3: 1210 daAuts
     D:1: 1111 daAuts
     D:4: 541 daAuts
